 Dungeon Crawl Stone Soup version 0.22-a0-542-gce4f928 (webtiles) character file.

140 iamop the Sneak (level 5, -3/36 HPs)
             Began as an Octopode Wanderer on June 24, 2018.
             Killed from afar by an orc wizard (10 damage)
             ... with a puff of flame
             ... on level 3 of the Dungeon.
             The game lasted 00:09:08 (3121 turns).

iamop the Sneak (Octopode Wanderer)                 Turns: 3121, Time: 00:09:09

Health: -3/36      AC:  1    Str:  9    XL:     5   Next: 23%
Magic:  8/8        EV: 14    Int: 18    God:
Gold:   119        SH:  0    Dex: 11    Spells: 7/8 levels left

rFire    . . .     SeeInvis .   l - +0 spear
rCold    . . .     Gourm    +   (no shield)
rNeg     . . .     Faith    .   (helmet restricted)
rPois    .         Spirit   .   e - amulet of the gourmand
rElec    .         Reflect  .   (no ring)
rCorr    .         Harm     .   (no ring)
MR       .....                  (no ring)
Stlth    +++.......             (no ring)
HPRegen  0.12/turn              (no ring)
MPRegen  0.11/turn              (no ring)
                                (no ring)
                                (no ring)

@: very slightly contaminated
A: almost no armour, stealthy swim, amphibious, 8 rings, constrict 8, camouflage
1, gelatinous body 1
a: no special abilities


You were on level 3 of the Dungeon.
You were not hungry.

You visited 1 branch of the dungeon, and saw 3 of its levels.

You collected 119 gold pieces.

Inventory:

Hand Weapons
 b - a +2 blowgun
 h - a +0 hand axe
 l - a +0 spear (weapon)
 o - a cursed -1 dagger
 q - a +0 short sword
Missiles
 a - 2 curare-tipped needles {!f}
 g - 127 stones (quivered)
 p - 20 sling bullets
Armour
 m - a +1 shield
 s - a +0 robe
Jewellery
 e - an amulet of the gourmand (around mantle)
 t - an uncursed amulet of the acrobat {unknown}
Scrolls
 i - 2 scrolls of remove curse {@r2}
 n - a scroll of amnesia {unknown}
 r - a scroll of fog {unknown}
Potions
 c - a potion of curing {@q1}
 k - a potion of cancellation
Comestibles
 f - 5 rations
 u - 3 chunks of flesh


   Skills:
 + Level 3.3 Fighting
 - Level 1.0 Throwing
 * Level 2.8 Dodging
 + Level 3.8 Stealth
 - Level 1.0 Shields
 - Level 2.0 Spellcasting
 - Level 2.0 Necromancy
   Level 1.0 Transmutations


You had 7 spell levels left.
You knew the following spells:

 Your Spells              Type           Power        Failure   Level  Hunger
a - Animate Skeleton      Necr           N/A          8%          1    #......

Your spell library contained the following spells:

 Spells                   Type           Power        Failure   Level  Hunger
 Regeneration             Chrm/Necr      #.........   34%         3    ###....


Dungeon Overview and Level Annotations

Branches:
Dungeon (3/15)

Altars:

Annotations:
D:3 exclusion: orc priest


Innate Abilities, Weirdness & Mutations

You cannot wear most types of armour.
You are very stealthy in the water. (Stealth+)
You are amphibious.
You can wear up to eight rings at the same time.
You can use your tentacles to constrict eight enemies at once.
Your skin changes colour to match your surroundings (Stealth+).
Your rubbery body absorbs attacks. (AC +1, EV +1)


Message History

You feel better. Something hits you but does no damage.
You hit something but do no damage. Something barely misses you.
Something hits you.
You completely miss something.
You hear some strange, mumbled words.
A puff of flame appears from out of thin air!
The puff of flame hits you!
* * * LOW HITPOINT WARNING * * *
You hit something. Something hits you.
* * * LOW HITPOINT WARNING * * *
Blink to where?
Press: ? - help, Dir - move target cursor You are very lightly contaminated with residual magic.
As you read the scroll of blinking, it crumbles to dust.
As you read the scroll labeled APUIFU NYZOAS, it crumbles to dust.
It is a scroll of enchant armour.
Your shield glows green for a moment.
A puff of flame appears from out of thin air!
The puff of flame hits you!
You die...

###
#.#
#.#
#.#
#@#
#.#
#.#
#.#
#.#
#.#
#.#
#{#
#[#


There were no monsters in sight!

Vanquished Creatures
  An orc wizard (D:3)
  An adder (D:2)
  4 dart slugs
  3 leopard geckos
  8 orcs (D:3)
  3 giant cockroaches
  8 goblins (D:2)
  8 hobgoblins
  4 jackals (D:3)
  9 kobolds
  A ball python (D:3)
  5 bats
  2 frilled lizards
  9 rats
66 creatures vanquished.

Vanquished Creatures (collateral kills)
  An adder (D:2)
  An ooze (D:2)
  A ball python (D:1)
  2 goblins
5 creatures vanquished.

Grand Total: 71 creatures vanquished

Notes
Turn   | Place    | Note
-------+----------+-------------------------------------------
     0 | D:1      | iamop the Octopode Wanderer began the quest for the Orb.
     0 | D:1      | iamop set off with: 2 curare-tipped needles, a +2 blowgun, a potion of curing, a ration
     0 | D:1      | Reached XP level 1. HP: 14/14 MP: 3/3
   379 | D:1      | Learned a level 1 spell: Animate Skeleton
   400 | D:1      | Reached XP level 2. HP: 13/19 MP: 5/5
   795 | D:1      | Reached skill level 1 in Dodging
   982 | D:2      | Reached XP level 3. HP: 10/25 MP: 6/6
  1801 | D:2      | Reached XP level 4. HP: 30/30 MP: 7/7
  2868 | D:3      | Reached XP level 5. HP: 29/36 MP: 6/8
  3121 | D:3      | Killed from afar by an orc wizard

Vault maps used:
D:1:      saegor_arrival_simple_a, minivault_24
D:2:      cheibrodos_greedy_goblins, first_ration
D:3:      gammafunk_ghost_grave

Skill      XL: |  1  2  3  4 |
---------------+-------------+-----
Stealth        | 2 3 |  3.8
Dodging        | 1 2 |  2.8
Fighting       | 3 |  3.3
Throwing       | |  1.0
Shields        | |  1.0
Spellcasting   | |  2.0
Necromancy     | |  2.0
Transmutations | |  1.0

Action                   |  1- 3 |  4- 6 || total
-------------------------+-------+-------++-------
Melee: Unarmed           |    39 |       ||    39
       Constrict         |    20 |    22 ||    42
       Tentacles         |     7 |    15 ||    22
       Spear             |    65 |    98 ||   163
 Fire: Blowgun           |     4 |       ||     4
 Cast: Animate Skeleton  |     7 |     5 ||    12
  Use: Scroll            |       |     6 ||     6
       Potion            |       |     3 ||     3
 Stab: Sleeping          |    11 |     2 ||    13
  Eat: Chunk             |     3 |     4 ||     7
Armor: Skin              |    11 |     3 ||    14
Dodge: Dodged            |    60 |    50 ||   110

Table legend:
 A = Spawn XP
 B = Non-spawn XP
 C = Spawn XP percentage of total XP
 D = Spawn monster count
 E = Non-spawn monster count
 F = Spawn count percentage of total count
 G = Total turns spent on level
                    A         B        C        D         E        F      G
               +---------+---------+-------+---------+---------+-------+---------
         Total |       0 |     201 |   0.0 |       0 |      71 |   0.0 |  3121
               +---------+---------+-------+---------+---------+-------+---------
           D:1 |       0 |      26 |   0.0 |       0 |      13 |   0.0 |   915
           D:2 |       0 |      82 |   0.0 |       0 |      34 |   0.0 |  1827
           D:3 |       0 |      93 |   0.0 |       0 |      24 |   0.0 |   379
               +---------+---------+-------+---------+---------+-------+---------
